 Dungeon Crawl Stone Soup version 0.28-a0-909-g796cbd3a86 (webtiles) character file.

Game seed: 17197540404644747087

40 ragingrage the Chopper (level 3, 0/28 HPs)
             Began as a Palentonga Warper on Nov 24, 2021.
             Slain by an adder (1 damage)
             ... on level 2 of the Dungeon.
             The game lasted 00:01:48 (1284 turns).

ragingrage the Chopper (Palentonga Warper)          Turns: 1284, Time: 00:01:49

Health: 0/28       AC:  6    Str: 14    XL:     3   Next: 30%
Magic:  6/6        EV:  9    Int: 13    God:
Gold:   61         SH:  0    Dex: 10    Spells: 4/6 levels left

rFire   . . .      SeeInvis +   a - +0 hand axe
rCold   . . .      Faith    .   (no shield)
rNeg    . . .      Spirit   .   b - +0 leather armour
rPois   .          Reflect  .   f - +0 helmet
rElec   .          Harm     .   (no cloak)
rCorr   .          Rampage  .   i - +0 pair of gloves
Will    .....                   (no barding)
Stlth   +.........              (no amulet)
HPRegen 0.09/turn               (no ring)
MPRegen 0.10/turn               (no ring)

@: mighty, lethally poisoned (0 -> -9)
A: large, rugged brown scales 3, see invisible, deformed body, roll 1, armoured
tail
a: Rolling Charge


You were on level 2 of the Dungeon.
You visited 1 branch of the dungeon, and saw 2 of its levels.

You collected 61 gold pieces.

Inventory:

Hand Weapons
 a - a +0 hand axe (weapon)
Missiles
 d - 5 boomerangs of dispersal (quivered)
Armour
 b - a +0 leather armour (worn)
 f - a +0 helmet (worn)
 i - a +0 pair of gloves (worn)
Scrolls
 c - a scroll of blinking
 e - a scroll of identify {unknown}
 h - a scroll of enchant weapon {unknown}


   Skills:
 - Level 2.0 Fighting
 * Level 3.8 Axes
 - Level 0.6 Throwing
 - Level 0.7 Armour
 - Level 1.5 Dodging
 - Level 2.0 Spellcasting
 - Level 3.0 Translocations


You had 4 spell levels left.
You knew the following spells:

 Your Spells              Type           Power      Damage    Failure   Level
a - Blink                 Tloc           18%        N/A       14%         2

Your spell library contained the following spells:

 Spells                   Type           Power      Damage    Failure   Level
 Gell's Gravitas          Tloc           9%         N/A       28%         3
 Lesser Beckoning         Tloc           9%         N/A       28%         3
 Teleport Other           Tloc           9%         N/A       28%         3
 Manifold Assault         Tloc           9%         N/A       95%         5


Dungeon Overview and Level Annotations

Branches:
Dungeon (2/15)

Altars:


Innate Abilities, Weirdness & Mutations

You are completely covered in rugged brown scales. (AC +3, +7% HP)
You have supernaturally acute eyesight. (SInv)
Armour fits poorly on your strangely shaped body.
You can roll at nearby foes to attack.
You have a long armoured tail.


Message History

The adder poisons you!
You closely miss the adder.
The adder is heavily wounded.
You feel very sick. The adder bites you.
You are more poisoned.
The adder poisons you!
You are too injured to fight recklessly!
You are too injured to fight recklessly!
You are too injured to fight recklessly!
You are too injured to fight recklessly!
You are too injured to fight recklessly!
You are too injured to fight recklessly!
You are too injured to fight recklessly!
You are too injured to fight recklessly!
You are too injured to fight recklessly!
You are too injured to fight recklessly!
You are too injured to fight recklessly!
You are too injured to fight recklessly!
You are too injured to fight recklessly!
You are too injured to fight recklessly!
You are too injured to fight recklessly!
You hit the adder.
The adder is severely wounded.
You feel very sick. The adder bites you. x2
* * * LOW HITPOINT WARNING * * *
You are more poisoned.
The adder poisons you!
It was a potion of might.
You feel very mighty all of a sudden.
* * * LOW HITPOINT WARNING * * *
You feel very sick. The adder barely misses you.
You barely miss the adder.
Your tail-slap misses the adder.
The adder is severely wounded.
* * * LOW HITPOINT WARNING * * *
You feel very sick. The adder bites you.
You die...

#.#
##..####.####
...#.......
.....(....
.....#...
...#..#
#.#..###
#.S...<#
#.@#.###
#....#
......#..#
#######..#
##># #.# #.#
#.# .#


You could see an adder.

Vanquished Creatures
  4 endoplasms (D:1)
  4 hobgoblins (D:1)
  5 jackals (D:1)
  6 ball pythons (D:1)
  4 bats (D:1)
  2 frilled lizards (D:1)
  6 goblins (D:1)
  4 kobolds (D:1)
  3 rats (D:1)
38 creatures vanquished.

Vanquished Creatures (others)
  A plant (D:1)
1 creature vanquished.

Grand Total: 39 creatures vanquished

Notes
Turn   | Place    | Note
-------+----------+-------------------------------------------
     0 | D:1      | ragingrage the Palentonga Warper began the quest for the
                  | Orb.
     0 | D:1      | Reached XP level 1. HP: 17/17 MP: 3/3
   143 | D:1      | Reached XP level 2. HP: 23/23 MP: 5/5
   340 | D:1      | Learned a level 2 spell: Blink
   564 | D:1      | Reached XP level 3. HP: 22/28 MP: 6/6
  1051 | D:1      | Found a faded altar of an unknown god.
  1284 | D:2      | HP: 1/28 [poisoned by an adder]
  1284 | D:2      | Slain by an adder

Illustrated notes

Levels and vault maps discovered:
D:1:      wander_arrival_chamber, layout_basic, chequers_ecumenical_altar_lobes,
          minmay_misc_feat_tiny, minmay_tromino_v4_c
D:2:      layout_basic

Skill      XL: |  1  2 |
---------------+-------+-----
Axes           | 3 |  3.8
Fighting       | |  2.0
Throwing       | |  0.6
Armour         | |  0.7
Dodging        | |  1.5
Spellcasting   | |  2.0
Translocations | |  3.0

Action                   || total
-------------------------++-------
Melee: Hand axe          ||   108
       Tailslap          ||     4
 Abil: Rolling Charge    ||     2
  Use: Potion            ||     1
Armor: Leather armour    ||    42
Dodge: Dodged            ||    51

Table legend: (Time is in decaauts)
 A = Elapsed time spent in this place.
 B = Non-inter-level travel time spent in this place.
 C = Inter-level travel time spent in this place.
 D = Time resting spent in this place.
 E = Time spent auto-exploring this place.
 F = Levels seen in this place.
 G = Mean time per level.
                   A        B        C        D        E       F      G
               +--------+--------+--------+--------+--------+-----+--------+
         Total |   1298 |   1229 |     69 |     91 |    896 |   2 |  649.0 |
       Dungeon |   1298 |   1229 |     69 |     91 |    896 |   2 |  649.0 |
               +--------+--------+--------+--------+--------+-----+--------+

Top non-repeatable levels by time:
     D:1: 1278 daAuts
     D:2: 20 daAuts
